 Dungeon Crawl Stone Soup version 0.23.2 (webtiles) character file.

Game seed: 17227024566587486041

7471 Leeroy the Geomancer (level 11, 0/77 HPs)
             Began as a Formicid Earth Elementalist on Apr 12, 2019.
             Was a Priest of Elyvilon.
             Slain by a bullfrog (5 damage)
             ... on level 10 of the Dungeon.
             The game lasted 01:00:05 (13852 turns).

Leeroy the Geomancer (Formicid Earth Elementalist) Turns: 13852, Time: 01:00:06

Health: 0/77       AC:  7    Str: 13    XL:     11   Next: 37%
Magic:  10/18      EV: 11    Int: 18    God:    Elyvilon [***...]
Gold:   477        SH:  5    Dex: 11    Spells: 5/20 levels left

rFire    + . .     SeeInvis +   T - +2 rapier (venom)
rCold    + + .     Gourm    .   M - +0 buckler
rNeg     . . .     Faith    .   A - +1 ring mail {rC+}
rPois    .         Spirit   .   (helmet unavailable)
rElec    .         Reflect  .   u - scarf {rC+ rF+}
rCorr    +         Harm     .   (no gloves)
MR       +....                  (no boots)
Stlth    +.........             (no amulet)
HPRegen  0.22/turn              E - ring of resist corrosion
MPRegen  0.16/turn              Z - ring of wizardry

@: very slightly contaminated, starving
A: permanent stasis, dig shafts and tunnels, four strong arms, antennae 3
a: Dig, Shaft Self, Lesser Healing, Heal Other, Purification, Divine Protection,
Renounce Religion


You were on level 10 of the Dungeon.
You worshipped Elyvilon.
Elyvilon was most pleased with you.
You were starving.

You visited 2 branches of the dungeon, and saw 11 of its levels.
You also visited: Sewer.

You collected 843 gold pieces.
You spent 366 gold pieces at shops.

Inventory:

Hand Weapons
 c - a +1 falchion of flaming
 f - a +0 hand crossbow
 m - a +0 scimitar
 B - a +2 whip of flaming
 G - a +0 short sword of electrocution
 L - a +3 war axe
 O - a +0 mace of holy wrath
 S - the +11 hand axe "Ari Opai" {antimagic, +Fly rN+ MR+ Dex-4}
   (You found it on level 9 of the Dungeon)

   It reduces the magical energy of the wielder, and disrupts the spells and
   magical abilities of those hit.
   Natural abilities and divine invocations are not affected.
   It affects your dexterity (-4).
   It protects you from negative energy.
   It affects your resistance to hostile enchantments.
   It lets you fly.
 T - a +2 rapier of venom (weapon)
Missiles
 b - 196 stones
 l - 18 sling bullets
 p - 7 curare-tipped needles
 r - 47 poisoned needles
 D - 8 tomahawks (quivered)
 Q - 7 needles of frenzy
 Y - 84 bolts
Armour
 u - a scarf of resistance (worn)
 A - a +1 ring mail of cold resistance (worn)
 C - a +0 scale mail
 I - the +1 robe of the Leaf {*Slow rPois Int+4 Dex+4}
   (You found it on level 4 of the Dungeon)

   It affects your intelligence (+4).
   It affects your dexterity (+4).
   It protects you from poison.
   It may slow you when you take damage.
 M - a +0 buckler (worn)
 R - a +0 plate armour
Magical Staves
 P - an uncursed staff of air {unknown}
Jewellery
 x - a cursed ring of flight
 E - a ring of resist corrosion (left hand)
 U - an uncursed ring of resist corrosion
 W - an uncursed ring of poison resistance
 Z - a ring of wizardry (right hand)
Wands
 a - a wand of random effects (55)
 h - a wand of paralysis (9)
 H - a wand of acid (20)
Scrolls
 e - 9 scrolls of teleportation
 g - 5 scrolls of identify
 n - 4 scrolls of magic mapping
 s - 3 scrolls of immolation
 t - a scroll of enchant weapon {unknown}
 w - 2 scrolls of fear
 y - 3 scrolls of remove curse
 K - a scroll of amnesia
 N - a scroll of vulnerability {unknown}
 V - a scroll of blinking
Potions
 i - 4 potions of flight {unknown}
 j - 3 potions of curing
 k - a potion of resistance {unknown}
 o - a potion of haste {unknown}
 q - 2 potions of brilliance {unknown}
 v - a potion of agility {unknown}
 F - a potion of invisibility {unknown}
 J - 2 potions of berserk rage {unknown}
 X - a potion of ambrosia {unknown}
Comestibles
 d - 29 rations


   Skills:
 - Level 4.2 Fighting
 - Level 4.1(5.5) Short Blades
 - Level 5.5(6.2) Long Blades
 - Level 0.1 Maces & Flails
 - Level 6.9 Armour
 - Level 2.1 Dodging
 - Level 3.1 Stealth
 - Level 5.1 Shields
 - Level 0.1 Unarmed Combat
 - Level 5.3 Spellcasting
 - Level 5.7 Conjurations
 * Level 2.3 Transmutations
 - Level 10.0 Earth Magic
 + Level 5.0 Invocations


You had 5 spell levels left.
You knew the following spells:

 Your Spells              Type           Power        Failure   Level  Hunger
a - Sandblast             Erth           #####.       1%          1    None
b - Passwall              Tmut/Erth      ####....     1%          2    #......
c - Stone Arrow           Conj/Erth      ####..       1%          3    ##.....
d - Petrify               Tmut/Erth      ####....     8%          4    ####...
e - Lee's Rapid Deconstr  Erth           #####.....   4%          5    ######.

Your spell library contained the following spells:

 Spells                   Type           Power        Failure   Level  Hunger


Dungeon Overview and Level Annotations

Branches:
Dungeon (10/15)            Temple (1/1) D:5
   Lair: D:8-11         Orc: D:9-12

Altars:
Ashenzari
Cheibriados
Dithmenos
Elyvilon
Fedhas
Gozag
Hepliaklqana
Kikubaaqudgha
Makhleb
Nemelex Xobeh
Okawaru
Qazlal
Ru
Sif Muna
Trog
Uskayaw
Vehumet
Wu Jian
Xom
Yredelemnul
Zin
The Shining One
Beogh

Shops:
D:4 (}!(   D:5 !   D:8 *

Annotations:
D:5 3 runed translucent doors, Karim's ghost, novice TrWr


Innate Abilities, Weirdness & Mutations

You cannot be hasted, slowed, berserked, paralysed or teleported.
You can dig through walls and to a lower floor.
Your four strong arms can wield two-handed weapons with a shield.
You have a pair of large antennae on your head. (SInv)


Message History

The bullfrog closely misses you. You block the bullfrog's attack.
The bullfrog barely misses you. The bullfrog closely misses you.
The bullfrog misses you. The bullfrog barely misses you.
The bullfrog snags a nearby millipede with its tongue.
The bullfrog closely misses you.
You are starving!
The bullfrog barely misses you. The bullfrog hits you.
* * * LOW HITPOINT WARNING * * *
The bullfrog closely misses you. You block the bullfrog's attack.
The bullfrog barely misses you. The bullfrog hits you.
* * * LOW HITPOINT WARNING * * *
The bullfrog closely misses you. The bullfrog hits you.
You die...

#.# #.#####.#### #.# #.##.......#
##.#######.##.##.#.##
####...†...##.##.##.#.##
#..#..####^##.##.##.#.## #..#..#
#.##.....#.#.##
#.....####.##...........
#.#...<.<#.##...........
##########.#...#@##.##...........
...............#.F...............
##########.....####........#.....
...............# #............#.
####...........####..#+########..
................................#
###.........#..####..#.##########
###..............................
.###........#.#.###..#.##########


You could see a bullfrog.

Vanquished Creatures
  A hydra (D:10)
  An ugly thing (D:10)
  A centaur zombie (D:10)
  A troll (D:9)
  2 dream sheep (D:10)
  Prince Ribbit (D:7)
  A hippogriff (D:8)
  8 yaks
  A hungry ghost (D:10)
  An orc warrior (D:9)
  3 sky beasts
  A phantom (D:5)
  A black bear (D:10)
  An ice beast (D:8)
  3 ogres
  2 centaurs
  8 big kobolds
  3 bullfrogs
  A wyvern zombie (D:10)
  A scorpion (D:5)
  6 killer bees (D:8)
  A wight (D:10)
  2 howler monkeys
  2 bullfrog zombies
  4 crimson imps
  A quasit (D:9)
  4 orc priests
  3 jellies
  4 bullfrog skeletons
  6 hounds
  A centaur skeleton (D:9)
  Ijyb (D:5)
  An iguana (D:4)
  5 orc wizards
  2 worker ants
  2 hound zombies
  A hound skeleton (D:8)
  A worker ant zombie (D:9)
  A howler monkey zombie (D:7)
  9 gnolls
  A howler monkey skeleton (D:5)
  15 adders
  3 river rats (Sewer)
  2 shadow imps (D:5)
  8 oozes
  6 worms
  An adder skeleton (D:8)
  2 dart slugs (D:2)
  4 leopard geckos
  23 orcs
  6 ball pythons
  10 bats
  6 giant cockroaches
  8 goblins
  6 hobgoblins
  6 jackals
  4 quokkas
  4 frilled lizards
  A jackal skeleton (D:5)
  11 kobolds
  2 leopard gecko skeletons
  2 quokka zombies
  15 rats
245 creatures vanquished.

Vanquished Creatures (others)
  A plant (D:10)
1 creature vanquished.

Grand Total: 246 creatures vanquished

Notes
Turn   | Place    | Note
-------+----------+-------------------------------------------
     0 | D:1      | Leeroy the Formicid Earth Elementalist began the quest for
                  | the Orb.
     0 | D:1      | Reached XP level 1. HP: 13/13 MP: 3/3
   163 | D:1      | Reached XP level 2. HP: 18/19 MP: 3/5
   167 | D:1      | Learned a level 2 spell: Passwall
   192 | D:1      | Reached skill level 4 in Earth Magic
   340 | D:1      | Reached XP level 3. HP: 20/24 MP: 7/7
   469 | D:1      | HP: 1/25 [kobold/stone (2)]
   953 | D:2      | Learned a level 3 spell: Stone Arrow
  1010 | D:2      | Reached XP level 4. HP: 31/31 MP: 6/8
  1016 | D:2      | Reached skill level 1 in Fighting
  1041 | D:2      | Found a snail-covered altar of Cheibriados.
  1062 | D:2      | Reached skill level 1 in Short Blades
  1153 | D:2      | Found a sparkling altar of Nemelex Xobeh.
  1755 | D:3      | Reached XP level 5. HP: 28/37 MP: 9/9
  1793 | D:3      | Reached skill level 5 in Earth Magic
  1986 | D:3      | Found a glowing drain.
  2012 | Sewer    | Entered a sewer
  2539 | Sewer    | Reached XP level 6. HP: 43/43 MP: 8/10
  2554 | Sewer    | Learned a level 4 spell: Petrify
  2650 | Sewer    | Reached skill level 1 in Armour
  2650 | Sewer    | Reached skill level 6 in Earth Magic
  3072 | Sewer    | Reached XP level 7. HP: 29/48 MP: 1/11
  3149 | Sewer    | Reached skill level 7 in Earth Magic
  3647 | D:3      | Found a snail-covered altar of Cheibriados.
  3647 | D:3      | Found a blossoming altar of Fedhas.
  3650 | D:3      | Found a burning altar of Makhleb.
  3650 | D:3      | Found a stormy altar of Qazlal.
  3670 | D:3      | Found a bloodstained altar of Trog.
  3671 | D:3      | Found an ancient bone altar of Kikubaaqudgha.
  3722 | D:3      | Found an ornate altar of the Wu Jian Council.
  4006 | D:3      | Reached skill level 8 in Earth Magic
  4213 | D:4      | Found Teuwus's Antique Weapon Boutique.
  4271 | D:4      | Found Ruaxtuc's Gadget Shoppe.
  4275 | D:4      | Found a white marble altar of Elyvilon.
  4283 | D:4      | Became a worshipper of Elyvilon the Healer
  4287 | D:4      | Reached skill level 1 in Conjurations
  4287 | D:4      | Reached XP level 8. HP: 47/54 MP: 12/12
  4295 | D:4      | Found Zaghupn's Distillery.
  4756 | D:4      | Bought a potion of curing for 36 gold pieces
  5230 | D:4      | Reached * piety under Elyvilon
  5255 | D:4      | Found Qycukk's Weapon Boutique.
  5259 | D:4      | Bought a +0 short sword of electrocution for 133 gold
                  | pieces
  5586 | D:4      | Got a warped robe
  5597 | D:4      | Identified the cursed +1 robe of the Leaf {*Slow rPois
                  | Int+4 Dex+4} (You found it on level 4 of the Dungeon)
  5772 | D:5      | Entered Level 5 of the Dungeon
  5839 | D:5      | Noticed Ijyb
  5942 | D:5      | Killed Ijyb
  6041 | D:5      | Found a runed translucent gate.
  6042 | D:5      | Found a runed translucent gate.
  6043 | D:5      | Found a runed translucent gate.
  6044 | D:5      | Found a roughly hewn altar of Beogh.
  6046 | D:5      | Noticed Karim's ghost (novice TrWr)
  6046 | D:5      | Identified the +4 spear "Feluk" {venom, +Fly Str-5 Dex+3}
  6166 | D:5      | Found Onukicut's Distillery.
  6188 | D:5      | Bought a potion of heal wounds for 50 gold pieces
  6206 | D:5      | Reached ** piety under Elyvilon
  6276 | D:5      | Found a staircase to the Ecumenical Temple.
  6287 | D:5      | Reached skill level 9 in Earth Magic
  6294 | Temple   | Entered the Ecumenical Temple
  7261 | D:6      | Reached XP level 9. HP: 64/64 MP: 8/13
  7579 | D:6      | Reached skill level 10 in Earth Magic
  7726 | D:6      | Reached *** piety under Elyvilon
  7829 | D:6      | Found a glowing golden altar of the Shining One.
  7829 | D:6      | Found a shattered altar of Ashenzari.
  7830 | D:6      | Found a hide-covered altar of Uskayaw.
  8114 | D:6      | Learned a level 5 spell: Lee's Rapid Deconstruction
  8211 | D:7      | Noticed Prince Ribbit
  8438 | D:4      | Bought a glowing rapier for 147 gold pieces
  8544 | D:7      | Killed Prince Ribbit
  8544 | D:7      | Reached skill level 5 in Spellcasting
  8852 | D:7      | Reached skill level 1 in Shields
  8953 | D:7      | Reached **** piety under Elyvilon
  9101 | D:7      | Found an opulent altar of Gozag.
  9409 | D:8      | Found Koagoik's General Store.
  9449 | D:8      | Noticed a hippogriff
  9467 | D:8      | Killed a hippogriff
  9467 | D:8      | Reached skill level 5 in Shields
  9591 | D:8      | Reached XP level 10. HP: 22/72 MP: 8/17
  9872 | D:8      | Found a radiant altar of Vehumet.
 10459 | D:9      | Reached skill level 5 in Armour
 10677 | D:9      | Found a shadowy altar of Dithmenos.
 10833 | D:9      | Got a fine hand axe
 10834 | D:9      | Identified the +11 hand axe "Ari Opai" {antimagic, +Fly rN+
                  | MR+ Dex-4} (You found it on level 9 of the Dungeon)
 11087 | D:10     | Entered Level 10 of the Dungeon
 12163 | D:10     | Reached skill level 5 in Conjurations
 12433 | D:10     | Reached skill level 1 in Long Blades
 12617 | D:10     | Reached XP level 11. HP: 61/77 MP: 2/18
 12619 | D:10     | Reached skill level 5 in Long Blades
 12639 | D:10     | Noticed a three-headed hydra
 12991 | D:10     | Learned a level 1 spell: Sandblast
 13100 | D:10     | Killed a one-headed hydra
 13745 | D:10     | Noticed a white ugly thing
 13746 | D:10     | Identified the +10 hunting sling "Byveh" {freeze, Dex+3}
 13747 | D:10     | Noticed a cyclops
 13772 | D:10     | Killed a white ugly thing
 13772 | D:10     | Reached skill level 5 in Invocations
 13852 | D:10     | Slain by a bullfrog

Skill      XL: |  1  2  3  4  5  6  7  8  9 10 11 |
---------------+----------------------------------+-----
Earth Magic    | 4 5 6 8 9 10 | 10.0
Dodging        | 2 |  2.1
Fighting       | 1 3 4 |  4.2
Short Blades   | 1 2 3 4 |  4.1
Armour         | 1 2 6 |  6.9
Stealth        | 3 |  3.1
Conjurations   | 1 2 3 5 |  5.7
Spellcasting   | 5 |  5.3
Shields        | 5 |  5.1
Long Blades    | 3 5 |  5.5
Invocations    | 5 |  5.0
Transmutations | 2 |  2.3
Maces & Flails | |  0.1
Unarmed Combat | |  0.1

Action                   |  1- 3 |  4- 6 |  7- 9 | 10-12 || total
-------------------------+-------+-------+-------+-------++-------
Melee: Unarmed           |    19 |       |       |       ||    19
       Club              |    14 |       |       |       ||    14
       Dagger            |    22 |       |       |       ||    22
       Short sword       |     4 |   103 |   187 |       ||   294
       Whip              |       |       |    78 |       ||    78
       Rapier            |       |       |    41 |   157 ||   198
       Scimitar          |       |       |       |    34 ||    34
       Falchion          |       |       |       |    23 ||    23
Throw: Stone             |       |       |     1 |       ||     1
       Tomahawk          |       |       |       |     2 ||     2
 Cast: Sandblast         |    42 |    55 |    53 |    13 ||   163
       Stone Arrow       |       |     8 |    19 |    28 ||    55
       Petrify           |       |       |     3 |    12 ||    15
       Passwall          |       |       |     1 |       ||     1
       Lee's Rapid Decon |       |       |     5 |    15 ||    20
Invok: Lesser Healing    |       |       |     2 |     3 ||     5
       Greater Healing   |       |       |     1 |     3 ||     4
Evoke: Wand              |       |       |       |     1 ||     1
  Use: Scroll            |       |       |     8 |     4 ||    12
       Potion            |       |       |     3 |     3 ||     6
 Stab: Sleeping          |     2 |     3 |     7 |       ||    12
       Petrified         |       |       |     5 |     7 ||    12
       Distracted        |       |       |     1 |       ||     1
  Eat: Chunk             |     1 |     7 |    17 |    19 ||    44
       Ration            |       |       |     3 |     2 ||     5
Armor: Robe              |    24 |    17 |    20 |       ||    61
       Ring mail         |       |       |    13 |    80 ||    93
Dodge: Dodged            |    62 |    54 |   185 |   102 ||   403
Block: Buckler           |       |       |    17 |    55 ||    72
       Rpst.: Scimitar   |       |       |       |     3 ||     3
       Falchion          |       |       |       |     3 ||     3
